 Dungeon Crawl Stone Soup version 0.30.1-9-gdf580d7c3d (webtiles) character file.

Game seed: 11588430268969762511

1094 Zonian the Magician (level 8, 0/41 HPs)
             Began as a Deep Elf Hedge Wizard on Oct 17, 2023.
             Succumbed to Duvessa's poison
             ... on level 5 of the Dungeon.
             The game lasted 00:16:41 (7395 turns).

Zonian the Magician (Deep Elf Hedge Wizard)         Turns: 7395, Time: 00:16:41

Health: 0/41       AC:  9    Str:  5    XL:     8   Next: 9%
Magic:  18/20      EV: 14    Int: 22    God:
Gold:   112        SH:  5    Dex: 14    Spells: 16/20 levels left

rFire   . . .        j - +2 dagger (elec)
rCold   . . .        (no shield)
rNeg    + . .        b - +1 robe
rPois   .            (helmet restricted)
rElec   .            (no cloak)
rCorr   .            i - +0 pair of gloves
SInv    .            p - +0 pair of boots
Will    .....        l - amulet of reflection
Stlth   +++          f - +4 ring of protection
HPRegen 0.26/turn    t - ring of positive energy
MPRegen 0.17/turn

%: reflection
@: brilliant, lethally poisoned (0 -> -16)
A: hooves 1, horns 2, weak 1
a: no special abilities


You were on level 5 of the Dungeon.
You visited 1 branch of the dungeon, and saw 5 of its levels.

You collected 142 gold pieces.
You spent 30 gold pieces at shops.

Inventory:

Hand Weapons
 a - a +0 dagger
 e - a +4 dagger
 j - a +2 dagger of electrocution (weapon)
 n - a +0 dagger of holy wrath
Missiles
 h - 5 poisoned darts
 m - 2 javelins
Armour
 b - a +1 robe (worn)
 c - a +0 hat
 d - a +2 helmet
 i - a +0 pair of gloves (worn)
 p - a +0 pair of boots (worn)
Jewellery
 f - a +4 ring of protection (left hand)
 l - an amulet of reflection (around neck)
 t - a ring of positive energy (right hand)
Scrolls
 o - 2 scrolls of fear
Potions
 g - a potion of degeneration
 r - a potion of brilliance


   Skills:
 + Level 5.2 Dodging
 + Level 5.7 Stealth
 + Level 6.7 Spellcasting
 + Level 4.4 Conjurations
 + Level 5.0 Hexes
 - Level 1.1 Summonings
 + Level 3.6 Translocations


You had 16 spell levels left.
You knew the following spells:

 Your Spells              Type           Power      Damage    Failure   Level
a - Magic Dart            Conj           100%       1d8       1%          1
b - Slow                  Hex            100%       N/A       1%          1
c - Blink                 Tloc           68%        N/A       3%          2

Your spell library contained the following spells:

 Spells                   Type           Power      Damage    Failure   Level
 Beastly Appendage        Tmut           22%        N/A       9%          1
 Call Imp                 Summ           36%        N/A       9%          2
 Cigotuvi's Dreadful Rot  Necr/Pois/Air  22%        N/A       13%         2
 Wereblood                Tmut           11%        N/A       13%         2
 Mephitic Cloud           Conj/Pois/Air  20%        N/A       14%         3
 Spider Form              Tmut/Pois      11%        N/A       26%         3


Dungeon Overview and Level Annotations

Branches:
Dungeon (5/15)
 Temple: D:4-7

Altars:
Fedhas
Hepliaklqana
Okawaru
Sif Muna

Shops:
D:4 **

Annotations:
D:5 Duvessa


Innate Abilities, Weirdness & Mutations

You have large cloven feet.
You have a pair of horns on your head.
You are weak. (Str -2)


Message History

Aiming: Magic Dart (safe; 1% risk of failure)
Press: ? - help, Shift-Dir - straight line, f/p - Duvessa
Aim: Duvessa, wielding a +1 short sword of venom and wearing a +0 leather armour (moderately wounded, berserk, 100% to hit)
You feel a surge of power!
The magic dart hits Duvessa.
Duvessa is moderately wounded.
You feel stable enough to blink again.
Duvessa rages.
Unknown command.
You feel better. Duvessa hits you but does no damage.
You are poisoned.
Unknown command.
You barely miss Duvessa. Your headbutt misses Duvessa.
Duvessa is moderately wounded.
You feel sick.
Duvessa hits you with a +1 short sword of venom.
* * * LOW HITPOINT WARNING * * *
Duvessa hits you but does no damage.
You are more poisoned.
You feel better. Duvessa barely misses you.
Unknown command.
You closely miss Duvessa.
Duvessa is moderately wounded.
Duvessa hits you with a +1 short sword of venom!
You are poisoned.
You block Duvessa's attack.
Unknown command.
You feel better.
Duvessa hits you with a +1 short sword of venom!
You are poisoned.
Unknown command.
You hit Duvessa. Your headbutt misses Duvessa.
Duvessa is moderately wounded.
You feel very sick. Duvessa misses you.
Duvessa hits you with a +1 short sword of venom!
* * * LOW HITPOINT WARNING * * *
You are more poisoned.
You hit Duvessa but do no damage. Your headbutt misses Duvessa.
Duvessa is moderately wounded.
You die...

#### ###..## #.....# ####
##.....### #####..# #.........
####..#...###.≈≈≈≈≈≈≈.
#.........##...÷......
#####...e@..##.#..≈|≈≈≈.≈.
##....#......#.....≈.....≈.
##..................≈.._..≈.
#......#............≈.....≈. ###
###...###....#......≈.≈≈≈.≈.
..######...###.....###.#.........
.......###..##...#..####.≈≈≈≈≈≈≈.
.........#.##....##.####.........
.......)...##........#.##...#....


You could see Duvessa (berserk).

Vanquished Creatures
  Eustachio (D:5)
  Menkaure (D:5)
  2 water moccasins (D:5)
  A phantom (D:5)
  2 scorpions (D:5)
  Dowan (D:5)
  A jelly (D:4)
  2 hounds (D:5)
  An orc priest (D:4)
  An orc wizard (D:4)
  A sleepcap (D:5)
  Robin (D:2)
  5 adders
  2 ufetubi
  3 worms
  4 dart slugs
  12 orcs
  4 ball pythons
  6 endoplasms
  3 giant cockroaches
  21 goblins
  10 hobgoblins
  A quokka (D:1)
  4 bats
  2 frilled lizards (D:1)
  7 kobolds
  3 rats
102 creatures vanquished.

Notes
Turn   | Place    | Note
-------+----------+-------------------------------------------
     0 | D:1      | Zonian the Deep Elf Hedge Wizard began the quest for the
                  | Orb.
     0 | D:1      | Reached XP level 1. HP: 10/10 MP: 7/7
     2 | D:1      | Learned a level 1 spell: Slow
   155 | D:1      | Reached XP level 2. HP: 15/15 MP: 5/9
   187 | D:1      | Reached skill level 1 in Hexes
  1061 | D:1      | Reached XP level 3. HP: 19/19 MP: 6/11
  2350 | D:2      | Noticed Robin
  2380 | D:2      | Reached XP level 4. HP: 14/24 MP: 6/12
  2392 | D:2      | Killed Robin
  2393 | D:2      | Reached skill level 5 in Spellcasting
  3563 | D:3      | Found a blossoming altar of Fedhas.
  3811 | D:3      | Learned a level 2 spell: Blink
  4099 | D:3      | Found an iron altar of Okawaru.
  4241 | D:4      | Found a hazy altar of Hepliaklqana.
  4463 | D:4      | Found Enafinul's Assorted Antiques.
  4469 | D:4      | Bought a scroll labelled HAHAKU TAILOER for 30 gold pieces
  4762 | D:4      | Found Feqonell's CLEARANCE SALE!.
  5068 | D:4      | Reached XP level 5. HP: 18/28 MP: 6/14
  5999 | D:4      | Noticed a black bear
  6137 | D:5      | Entered Level 5 of the Dungeon
  6137 | D:5      | Noticed Dowan
  6138 | D:5      | Noticed Duvessa
  6183 | D:5      | Noticed Menkaure
  6434 | D:5      | Reached XP level 6. HP: 32/32 MP: 4/16
  6448 | D:5      | Gained mutation: You have a pair of small horns on your
                  | head. [potion of mutation]
  6448 | D:5      | Gained mutation: You are weak. (Str -2) [potion of
                  | mutation]
  6448 | D:5      | Gained mutation: You have a pair of horns on your head.
                  | [potion of mutation]
  6448 | D:5      | Gained mutation: You have large cloven feet. [potion of
                  | mutation]
  6456 | D:5      | Killed Menkaure
  6592 | D:5      | Found a shimmering blue altar of Sif Muna.
  6621 | D:5      | Noticed Eustachio
  6637 | D:5      | Noticed a water moccasin
  6682 | D:5      | Killed a water moccasin
  6683 | D:5      | Reached skill level 6 in Spellcasting
  6683 | D:5      | Reached XP level 7. HP: 35/36 MP: 9/18
  6708 | D:5      | Killed Eustachio
  6709 | D:5      | Reached skill level 5 in Stealth
  7044 | D:5      | Reached skill level 5 in Dodging
  7081 | D:5      | Killed Dowan
  7082 | D:5      | Reached XP level 8. HP: 41/41 MP: 5/20
  7109 | D:5      | Reached skill level 5 in Hexes
  7395 | D:5      | Succumbed to Duvessa's poison

Illustrated notes

Levels and vault maps discovered:
D:1:      minmay_arrival_shattered_statue, layout_basic,
          minmay_misc_feat_encased, st_stairs_5
D:2:      layout_loops_ring, amcnicky_mini_corridor_feature, uniq_robin
D:3:      layout_loops_ring, general_overflow_altar, lemuel_doored_altar,
          st_stairs_6
D:4:      layout_basic, lemuel_tele_altar, serial_shops,
          nicolae_shop_rolling_square, nicolae_shop_clearance
D:5:      layout_cave_pools, mainiacjoe_overflow_cross_hatched, enter_ossuary_3,
          kennysheep_cluttered_room, kennysheep_boxes, uniq_menkaure,
          uniq_eustachio, uniq_duvessa

Skill      XL: |  1  2  3  4  5  6  7  8 |
---------------+-------------------------+-----
Hexes          | 1 2 3 4 5 |  5.0
Stealth        | 3 4 5 |  5.7
Dodging        | 3 4 5 |  5.2
Conjurations   | 2 3 4 |  4.4
Spellcasting   | 5 6 |  6.7
Translocations | 2 3 |  3.6
Summonings     | |  1.1

Action                     |  1- 3 |  4- 6 |  7- 9 || total
---------------------------+-------+-------+-------++-------
  Melee: Dagger            |    33 |    43 |    44 ||   120
         Headbutt          |       |     1 |     3 ||     4
  Throw: Dart              |       |     3 |     2 ||     5
   Cast: Magic Dart        |    99 |   147 |    53 ||   299
         Blink             |       |     5 |     4 ||     9
         Slow              |       |     1 |     1 ||     2
    Use: Potion            |     1 |     4 |     7 ||    12
         Scroll            |       |    10 |     1 ||    11
   Stab: Sleeping          |     1 |       |       ||     1
 Armour: Robe              |    15 |    30 |    18 ||    63
  Dodge: Dodged            |    32 |    39 |    60 ||   131
  Block: Other             |       |     9 |    18 ||    27
